 Dungeon Sprint DCSS version 0.28-a0-984-g3775c662fe (webtiles) character file.

Game seed: 5512694548388320332

58793 Turgor the Imperceptible (level 14, -1/95 HPs)
             Began as a Vampire Enchanter on Dec 3, 2021.
             Was a High Priest of Nemelex Xobeh.
             Killed from afar by an ironbound frostheart (18 damage)
             ... by creeping frost
             ... in the Dungeon (Sprint IX: "|||||||||||||||||||||||||||||") on Dec 4, 2021.
             The game lasted 01:40:28 (8291 turns).

Turgor the Imperceptible (Vampire Enchanter)        Turns: 8291, Time: 01:40:30

Health: -1/95      AC: 16    Str:  7    XL:     14   Next: 50%
Magic:  29/29      EV: 19    Int: 18    God:    Nemelex Xobeh [*****.]
Gold:   1739       SH:  0    Dex: 19    Spells: 17/35 levels left

rFire   + . .      SeeInvis +   l - +2 rapier (drain)
rCold   + + .      Faith    .   (no shield)
rNeg    + + +      Spirit   .   w - +0 acid dragon scales
rPois   ∞          Reflect  .   m - +1 helmet
rElec   .          Harm     .   p - +1 cloak
rCorr   +          Rampage  .   h - +1 pair of gloves
Will    ++...      NoTele   +   a - +0 pair of boots
Stlth   ++++++++++              (no amulet)
HPRegen 0.00/turn               r - ring of protection from fire
MPRegen 0.21/turn               A - ring of willpower

@: frozen, bloodless, inhibited regen, very slow
A: bloodless, fangs 3, see invisible, vampiric 2
a: Bat Form, Revivify, Renounce Religion, Draw Escape, Draw Destruction, Draw
Summoning, Triple Draw, Deal Four, Stack Five


You were in the Dungeon.
You worshipped Nemelex Xobeh.
Nemelex Xobeh was extremely pleased with you.
You visited 1 branch You collected 1921 gold pieces.
You spent 182 gold pieces at shops.

Inventory:

Hand Weapons
 l - a +2 rapier of draining (weapon)
 o - a +3 quick blade
 x - a +0 vampiric short sword
Armour
 a - a +0 pair of boots (worn)
 b - +1 fire dragon scales
 f - a +1 kite shield of reflection
 h - a +1 pair of gloves (worn)
 m - a +1 helmet (worn)
 p - a +1 cloak (worn)
 w - +0 acid dragon scales (worn)
 D - a +0 troll leather armour
Jewellery
 r - a ring of protection from fire (left hand)
 y - a ring of protection from cold
 A - a ring of willpower (right hand)
 B - a ring of poison resistance
Wands
 k - a wand of acid (1)
Scrolls
 j - 2 scrolls of amnesia
 n - a scroll of enchant armour
 t - 4 scrolls of enchant weapon
 u - 4 scrolls of fog
 v - 4 scrolls of fear
Potions
 c - a potion of invisibility
 d - 8 potions of curing
 e - 2 potions of heal wounds
 g - 3 potions of magic
 q - 2 potions of might
 s - a potion of brilliance
 z - a potion of mutation
 C - a potion of haste


   Skills:
 + Level 13.9 Fighting
 - Level 14.0 Short Blades
 + Level 7.9 Armour
 + Level 13.1 Dodging
 - Level 22.6 Stealth
 * Level 11.8 Shields
 + Level 11.3 Spellcasting
 + Level 10.6 Conjurations
 + Level 21.6 Hexes
 - Level 8.0 Ice Magic
 - Level 10.0 Invocations
 - Level 10.0 Evocations


You had 17 spell levels left.
You knew the following spells:

 Your Spells              Type           Power      Damage    Failure   Level
a - Ensorcelled Hibernat  Hex/Ice        100%       N/A       1%          2
b - Confusing Touch       Hex            73%        N/A       0%          3
c - Tukima's Dance        Hex            73%        N/A       0%          3
d - Dazzling Flash        Conj/Hex       100%       N/A       1%          3
e - Searing Ray           Conj           96%        2d7       1%          2
f - Fulminant Prism       Conj/Hex       31%        3d16      1%          4
g - Magic Dart            Conj           100%       1d8       1%          1

Your spell library contained the following spells:

 Spells                   Type           Power      Damage    Failure   Level


Dungeon Overview and Level Annotations

Branches:
Dungeon (1/1)

Altars:
Cheibriados
Dithmenos
Elyvilon
Fedhas
Gozag
Hepliaklqana
Kikubaaqudgha
Makhleb
Nemelex Xobeh
Okawaru
Qazlal
Ru
Sif Muna
Trog
Uskayaw
Vehumet
Wu Jian
Xom
Yredelemnul
Zin
The Shining One
Beogh
Jiyva
Lugonu

Shops:
D ?*?*


Innate Abilities, Weirdness & Mutations

You do not regenerate when monsters are visible.
You are frail without blood (-20% HP).
You can heal yourself when you bite living creatures.
You are immune to poison.
You have razor-sharp teeth.
You have supernaturally acute eyesight. (SInv)
You are afflicted with vampirism and can become a bat while bloodless.


Message History

The ironbound preserver shivers.
The deep troll's body twists unnaturally.
The deep troll twists and deforms.
The air around the death yak burns with energy.
The ironbound frostheart is hit by flying rocks.
The lindwurm is caught in an explosion of flying shrapnel.
You feel a surge of magic.
The vault warden hits you with a +0 great sword!!
* * * LOW HITPOINT WARNING * * *
The ironbound preserver casts a spell.
The ironbound preserver is healed somewhat.
You draw a card...
You have drawn the Elixir.
You begin rapidly regenerating health and magic.
The vault warden is no longer covered in acid.
The vault warden hits you with a +0 great sword!
* * * LOW HITPOINT WARNING * * *
Casting: Ensorcelled Hibernation (safe; 1% risk of failure)
Confirm with . or Enter, or press ? or * to list all spells.
Your hands begin to glow red.
The vault warden is no longer moving slowly.
The ironbound frostheart calls freezing cold from the walls.
The frost grips you!! You partially resist.
* * * LOW HITPOINT WARNING * * *
You are encased in ice.
You hit the vault warden but do no damage.
The vault warden appears confused.
The vault warden is heavily wounded.
The vault warden closely misses you.
You hit the vault warden but do no damage.
You drain the vault warden.
The vault warden is heavily wounded.
The ironbound preserver is no longer moving slowly.
You hit the vault warden. You drain the vault warden.
The vault warden is heavily wounded.
The ironbound preserver gestures wildly while chanting.
The ironbound preserver begins to accept its allies' injuries.
The ironbound frostheart calls freezing cold from the walls.
The frost grips you!! You partially resist.
You die...
Your body glows slightly and disappears.

).[[[.).[[....).....'..).........
▓▓▓▓▓▓▓▓▓▓▓▓▓▓▓▓▓▓▓▓▓▓▓▓▓▓▓▓▓▓▓▓▓
.................................
▓▓▓♣♣♣♣♣♣♣♣♣♣▓▓▓▓▓▓▓▓▓▓▓▓▓▓▓▓▓▓▓▓
)..'.........'........†'†.)..)..)
▓▓▓♣♣♣♣♣♣♣♣♣♣▓▓▓▓▓▓▓▓▓▓▓▓▓▓▓▓▓▓▓▓
..................))..........[).
▓▓▓▓▓▓▓▓▓▓▓▓▓▓▓▓▓▓▓▓▓▓▓▓▓▓▓▓▓▓▓▓▓
......)[......+)@ppT.Ypk))
▓▓▓▓▓▓▓▓▓▓▓▓▓▓▓▓▓▓▓▓▓▓▓▓▓▓


You could see an ironbound preserver, a vault warden (sheltered, confused,
drained), a death yak (sheltered, misshapen), an ironbound frostheart
(sheltered, slow), a deep troll (sheltered, slow, misshapen) and a lindwurm
(sheltered).

Vanquished Creatures
  A lich (D)
  Gastronok (D)
  A tengu reaver (D)
  A ghost moth (D)
  2 very ugly things (D)
  A bunyip (D)
  An ettin (D)
  A shambling mangrove (D)
  A fire dragon (D)
  A rakshasa (D)
  3 boulder beetles (D)
  3 hydras (D)
  An ironbound frostheart (D)
  A ghost crab (D)
  6 death yaks (D)
  2 deep troll shamans (D)
  2 two-headed ogres (D)
  2 spriggan air magi (D)
  A centaur warrior (D)
  An alligator (D)
  A catoblepas (D)
  A deep troll earth mage (D)
  3 tengu warriors (D)
  A vampire mage (D)
  9 orc high priests (D)
  A spriggan berserker (D)
  A sea snake (D)
  2 lindwurms (D)
  2 swamp dragons (D)
  3 glowing orange brains (D)
  2 orb spiders (D)
  2 wizards (D)
  7 orc knights (D)
  A necromancer (D)
  A deep elf pyromancer (D)
  An ironbound convoker (D)
  An ugly thing (D)
  A faun (D)
  3 manticores (D)
  An apocalypse crab (D)
  An elephant (D)
  2 water nymphs (D)
  2 vault sentinels (D)
  3 black mambas (D)
  3 cane toads (D)
  A yaktaur (shapeshifter) (D)
  An unseen horror (D)
  A komodo dragon (D)
  An efreet (D)
  A hornet (D)
  A jumping spider (D)
  2 polar bears (D)
  A tyrant leech (D)
  2 slime creatures (D)
  2 raiju (D)
  A snapping turtle (D)
  A blink frog (D)
  3 redbacks (D)
  A wraith (D)
  4 yaks (D)
  Grum (D)
  A naga (D)
  9 orc warriors (D)
  2 water moccasins (D)
  A black bear (D)
  A black bear (shapeshifter) (D)
  4 wolves (D)
  4 bullfrogs (D)
  A scorpion (D)
  2 orc priests (D)
  An iguana (D)
  2 orc wizards (D)
  An adder zombie (D)
  9 orcs (D)
  2 endoplasms (D)
  A giant cockroach (D)
  A kobold (D)
  A ball python (D)
  A ball python skeleton (D)
  A ball python zombie (D)
157 creatures vanquished.

Vanquished Creatures (collateral kills)
  A fire giant (D)
  A frost giant (D)
  An ice dragon (D)
  A spriggan air mage (D)
  A shining eye (D)
  A wind drake (D)
6 creatures vanquished.

Vanquished Creatures (others)
  5 dancing weapons (D)
  30 fulminant prisms (D)
35 creatures vanquished.

Grand Total: 198 creatures vanquished

Notes
Turn   | Place    | Note
-------+----------+-------------------------------------------
     0 | D        | Turgor the Vampire Enchanter began the quest for the Orb.
     0 | D        | Reached XP level 1. HP: 13/13 MP: 3/3
    12 | D        | Reached skill level 5 in Stealth
    14 | D        | Reached skill level 6 in Stealth
    32 | D        | Reached skill level 7 in Stealth
    84 | D        | Noticed a black bear
    84 | D        | Noticed a scorpion
    84 | D        | Noticed an iguana
    88 | D        | Killed a black bear
    89 | D        | Reached skill level 14 in Stealth
    89 | D        | Reached XP level 2. HP: 15/15 MP: 5/5
    89 | D        | Gained mutation: You are afflicted with vampirism and can
                  | become a bat while bloodless. [Vampire growth]
    89 | D        | Reached XP level 3. HP: 19/19 MP: 6/6
    89 | D        | Reached XP level 4. HP: 24/24 MP: 7/7
    90 | D        | Killed a scorpion
    91 | D        | Reached skill level 16 in Stealth
    91 | D        | Reached XP level 5. HP: 28/28 MP: 8/8
    93 | D        | Reached skill level 17 in Stealth
    96 | D        | Found a snail-covered altar of Cheibriados.
    96 | D        | Found a shadowy altar of Dithmenos.
    96 | D        | Found a blossoming altar of Fedhas.
    96 | D        | Found an opulent altar of Gozag.
    97 | D        | Found a hazy altar of Hepliaklqana.
    98 | D        | Found a viscous altar of Jiyva.
    99 | D        | Found an ancient bone altar of Kikubaaqudgha.
   100 | D        | Found a corrupted altar of Lugonu.
   101 | D        | Found a burning altar of Makhleb.
   102 | D        | Found a sparkling altar of Nemelex Xobeh.
   103 | D        | Found an iron altar of Okawaru.
   104 | D        | Found a stormy altar of Qazlal.
   105 | D        | Found a sacrificial altar of Ru.
   106 | D        | Found a shimmering blue altar of Sif Muna.
   107 | D        | Found a bloodstained altar of Trog.
   108 | D        | Found a hide-covered altar of Uskayaw.
   109 | D        | Found a radiant altar of Vehumet.
   110 | D        | Found an ornate altar of the Wu Jian Council.
   111 | D        | Found a shimmering altar of Xom.
   112 | D        | Found a basalt altar of Yredelemnul.
   136 | D        | Became a worshipper of Nemelex Xobeh the Trickster
   183 | D        | Noticed a wraith
   183 | D        | Noticed an unseen horror
   183 | D        | Noticed a yak
   183 | D        | Noticed a two-headed ogre
   183 | D        | Noticed a two-headed ogre
   185 | D        | Killed a wraith
   186 | D        | Reached XP level 6. HP: 36/36 MP: 8/10
   187 | D        | Killed an unseen horror
   188 | D        | Reached skill level 5 in Short Blades
   188 | D        | Reached skill level 18 in Stealth
   188 | D        | Reached skill level 10 in Hexes
   188 | D        | Reached XP level 7. HP: 42/42 MP: 8/13
   189 | D        | Killed a yak
   224 | D        | Learned a level 2 spell: Ensorcelled Hibernation
   230 | D        | Killed a two-headed ogre
   231 | D        | Reached skill level 5 in Fighting
   231 | D        | Reached skill level 19 in Stealth
   231 | D        | Reached skill level 5 in Spellcasting
   231 | D        | Reached XP level 8. HP: 22/49 MP: 12/16
   248 | D        | Learned a level 3 spell: Confusing Touch
   415 | D        | Killed a two-headed ogre
   450 | D        | Noticed a centaur warrior
   450 | D        | Noticed a tengu warrior
   450 | D        | Noticed a slime creature
   450 | D        | Noticed a boulder beetle
   450 | D        | Noticed a six-headed hydra
   450 | D        | Noticed a manticore
   452 | D        | Killed a centaur warrior
   453 | D        | Reached skill level 20 in Stealth
   453 | D        | Reached skill level 15 in Hexes
   453 | D        | Reached XP level 9. HP: 56/56 MP: 17/19
   454 | D        | Killed a tengu warrior
   458 | D        | Killed a boulder beetle
   460 | D        | Killed a six-headed hydra
   461 | D        | Reached skill level 21 in Stealth
   461 | D        | Reached skill level 5 in Ice Magic
   461 | D        | Reached XP level 10. HP: 41/64 MP: 18/22
   469 | D        | Killed a manticore
   633 | D        | Reached * piety under Nemelex Xobeh
   675 | D        | Received a gift from Nemelex Xobeh
   730 | D        | Noticed a six-headed hydra
   733 | D        | Reached skill level 10 in Short Blades
   734 | D        | Noticed a cane toad
   748 | D        | Killed a six-headed hydra
   750 | D        | Killed a cane toad
   774 | D        | Reached ** piety under Nemelex Xobeh
   774 | D        | Noticed a black mamba
   774 | D        | Noticed an elephant
   774 | D        | Noticed a death yak
   777 | D        | Noticed a cane toad
   784 | D        | Killed a black mamba
   972 | D        | Killed an elephant
  1010 | D        | Reached XP level 11. HP: 72/87 MP: 12/24
  1041 | D        | Reached skill level 22 in Stealth
  1118 | D        | Learned a level 3 spell: Tukima's Dance
  1122 | D        | Learned a level 3 spell: Dazzling Flash
  1147 | D        | Killed a death yak
  1222 | D        | Noticed a death yak
  1222 | D        | Noticed a catoblepas
  1222 | D        | Noticed a death yak
  1222 | D        | Noticed a death yak
  1222 | D        | Noticed a death yak
  1238 | D        | Noticed a death yak
  1561 | D        | Killed a death yak
  1562 | D        | Reached skill level 1 in Conjurations
  1676 | D        | Killed a catoblepas
  1795 | D        | Killed a death yak
  1907 | D        | Killed a death yak
  1908 | D        | Reached skill level 5 in Dodging
  2283 | D        | Killed a death yak
  2284 | D        | Reached skill level 10 in Fighting
  2284 | D        | Reached skill level 1 in Evocations
  2412 | D        | Killed a death yak
  2567 | D        | Learned a level 2 spell: Searing Ray
  2572 | D        | Learned a level 4 spell: Fulminant Prism
  2574 | D        | Learned a level 1 spell: Magic Dart
  2614 | D        | Noticed Gastronok
  2621 | D        | Killed Gastronok
  2622 | D        | Reached skill level 10 in Spellcasting
  2645 | D        | Received a gift from Nemelex Xobeh
  2673 | D        | Reached *** piety under Nemelex Xobeh
  2697 | D        | Received a gift from Nemelex Xobeh
  2703 | D        | Reached skill level 1 in Armour
  2804 | D        | Noticed an orc knight
  2806 | D        | Killed an orc knight
  2807 | D        | Noticed an orc knight
  2823 | D        | Noticed an orc knight
  2829 | D        | Killed an orc knight
  2835 | D        | Killed an orc knight
  2836 | D        | Reached XP level 12. HP: 97/97 MP: 5/26
  2889 | D        | Reached skill level 5 in Conjurations
  2970 | D        | Found Duriz's Magic Scroll Emporium.
  2970 | D        | Noticed an orc high priest
  2970 | D        | Noticed an orc high priest
  2970 | D        | Noticed an orc high priest
  2970 | D        | Noticed an orc high priest
  2971 | D        | Noticed an orc high priest
  2975 | D        | Noticed an orc high priest
  2976 | D        | Killed an orc high priest
  2977 | D        | Reached skill level 5 in Invocations
  2978 | D        | Found Arhat's Assorted Antiques.
  2979 | D        | Killed an orc high priest
  2994 | D        | Killed an orc high priest
  2995 | D        | Reached skill level 5 in Evocations
  3147 | D        | Killed an orc high priest
  3199 | D        | Killed an orc high priest
  3206 | D        | Killed an orc high priest
  3555 | D        | Noticed an orc high priest
  3565 | D        | Killed an orc high priest
  3634 | D        | Found Leemat's Magic Scroll Emporium.
  3636 | D        | Received a gift from Nemelex Xobeh
  3638 | D        | Found Tuede's General Store.
  3643 | D        | Noticed an orc high priest
  3645 | D        | Noticed an orc high priest
  3760 | D        | Killed an orc high priest
  3894 | D        | Killed an orc high priest
  3943 | D        | Bought a scroll of identify for 20 gold pieces
  3943 | D        | Bought a scroll of fog for 20 gold pieces
  3969 | D        | Bought a scroll of fog for 24 gold pieces
  3969 | D        | Bought a scroll of enchant armour for 90 gold pieces
  3971 | D        | Bought a viscous coppery potion for 28 gold pieces
  3996 | D        | Reached **** piety under Nemelex Xobeh
  4015 | D        | Received a gift from Nemelex Xobeh
  4090 | D        | Received a gift from Nemelex Xobeh
  4097 | D        | Reached ***** piety under Nemelex Xobeh
  4166 | D        | Received a gift from Nemelex Xobeh
  4199 | D        | Noticed a green very ugly thing
  4204 | D        | Reached skill level 1 in Shields
  4213 | D        | Killed a green very ugly thing
  4450 | D        | Noticed a deep troll earth mage
  4460 | D        | Killed a deep troll earth mage
  4473 | D        | Noticed a fire dragon
  4473 | D        | Noticed a fire giant
  4582 | D        | Noticed a tengu warrior
  4587 | D        | Killed a fire dragon
  4588 | D        | Reached XP level 13. HP: 106/106 MP: 25/27
  4617 | D        | Noticed a green very ugly thing
  4636 | D        | Killed a fire giant
  4655 | D        | Killed a green very ugly thing
  4896 | D        | Received a gift from Nemelex Xobeh
  4935 | D        | Reached skill level 5 in Shields
  5150 | D        | Identified the -1 quarterstaff of Salt {chaos, Str+3}
  5481 | D        | Noticed a bunyip
  5481 | D        | Noticed a bunyip
  5481 | D        | Noticed an eleionoma
  5600 | D        | Reached skill level 10 in Dodging
  5763 | D        | Killed a bunyip
  5802 | D        | Banished an eleionoma
  5802 | D        | Banished a bunyip
  5818 | D        | Reached skill level 5 in Armour
  5929 | D        | Reached skill level 10 in Invocations
  5998 | D        | Noticed a ghost moth
  6286 | D        | Killed a ghost moth
  6957 | D        | Received a gift from Nemelex Xobeh
  6975 | D        | Noticed Grum
  6982 | D        | Killed Grum
  7007 | D        | Received a gift from Nemelex Xobeh
  7059 | D        | Received a gift from Nemelex Xobeh
  7069 | D        | Noticed an ettin
  7069 | D        | Noticed a fire giant
  7069 | D        | Noticed a frost giant
  7073 | D        | Killed an ettin
  7074 | D        | Noticed a lich
  7157 | D        | Banished a fire giant
  7158 | D        | Reached XP level 14. HP: 49/118 MP: 18/28
  7439 | D        | Killed a lich
  7440 | D        | Reached skill level 10 in Shields
  7449 | D        | Killed a frost giant
  7450 | D        | Reached skill level 10 in Conjurations
  7496 | D        | Reached skill level 10 in Evocations
  7673 | D        | Noticed a tengu reaver
  7749 | D        | Killed a tengu reaver
  7843 | D        | HP: 1/95 [phantasmal warrior[a vampire mage] (28)]
  8259 | D        | Received a gift from Nemelex Xobeh
  8262 | D        | Noticed a vault warden
  8264 | D        | Noticed an ironbound preserver
  8270 | D        | Noticed an ironbound preserver
  8273 | D        | an ironbound preserver changed into a death yak
  8291 | D        | Killed from afar by an ironbound frostheart

Illustrated notes

Levels and vault maps discovered:
D:        linesprint [early_d, line_temple, items_1, d_10, items_2, lair_1,
          lair_end, items_3, orc_1, orc_end, items_4, d_15, swamp_1, shoals_1,
          snake_1, spider_1, d_20, vaults_1, items_5, swamp_end, shoals_end,
          snake_end, spider_end, vaults_end, d_27, items_6, zot_1, zot_end,
          crypt_end, forest_end, elf_end, slime_end, tomb_end, abyss_end,
          pan_hell_end]

Skill      XL: |  1  2  3  4  5  6  7  8  9 10 11 12 13 14 |
---------------+-------------------------------------------+-----
Stealth        | 14 16 17 18 19 20 21 22 | 22.6
Fighting       | 2 3 5 6 7 8 10 11 13 | 13.9
Short Blades   | 3 5 6 8 9 11 12 13 14 | 14.0
Spellcasting   | 3 4 5 7 8 9 10 11 | 11.3
Hexes          | 7 10 12 15 17 19 20 21 | 21.6
Ice Magic      | 2 5 6 8 |  8.0
Dodging        | 6 8 11 13 | 13.1
Conjurations   | 4 8 9 10 | 10.6
Evocations     | 4 7 9 10 | 10.0
Armour         | 1 6 7 |  7.9
Invocations    | 4 9 10 | 10.0
Shields        | 3 9 11 | 11.8

Action                   |  1- 3 |  4- 6 |  7- 9 | 10-12 | 13-15 || total
-------------------------+-------+-------+-------+-------+-------++-------
Melee: Dagger            |    21 |     3 |       |       |       ||    24
       Bite              |     1 |       |       |    25 |     9 ||    35
       Rapier            |       |     2 |     9 |   222 |   132 ||   365
 Cast: Ensorcelled Hiber |       |       |     2 |   107 |    77 ||   186
       Confusing Touch   |       |       |       |    28 |    15 ||    43
       Dazzling Flash    |       |       |       |     4 |       ||     4
       Tukima's Dance    |       |       |       |     3 |     5 ||     8
       Fulminant Prism   |       |       |       |    17 |    13 ||    30
       Searing Ray       |       |       |       |       |     1 ||     1
Invok: Draw Destruction  |       |       |       |     2 |    23 ||    25
       Draw Escape       |       |       |       |       |     8 ||     8
       Triple Draw       |       |       |       |       |     5 ||     5
       Draw Summoning    |       |       |       |       |    10 ||    10
 Abil: Exsanguinate      |     1 |       |       |       |     1 ||     2
       Revivify          |       |       |       |     1 |       ||     1
Evoke: Wand              |       |       |       |     3 |     6 ||     9
  Use: Scroll            |       |       |     1 |     1 |     2 ||     4
       Potion            |       |       |       |     6 |     8 ||    14
 Stab: Sleeping          |     5 |     5 |     9 |    47 |    37 ||   103
       Confused          |       |       |       |    25 |    12 ||    37
       Distracted        |       |       |       |       |     2 ||     2
Armor: Robe              |     6 |       |       |    13 |       ||    19
       Acid dragon scale |       |       |       |     6 |    43 ||    49
Dodge: Dodged            |     9 |       |     2 |    72 |   104 ||   187

Table legend: (Time is in decaauts)
 A = Elapsed time spent in this place.
 B = Non-inter-level travel time spent in this place.
 C = Inter-level travel time spent in this place.
 D = Time resting spent in this place.
 E = Time spent auto-exploring this place.
 F = Levels seen in this place.
 G = Mean time per level.
                   A        B        C        D        E       F      G
               +--------+--------+--------+--------+--------+-----+--------+
         Total |   8125 |   8123 |      2 |   3422 |      0 |   1 | 8125.0 |
       Dungeon |   8125 |   8123 |      2 |   3422 |      0 |   1 | 8125.0 |
               +--------+--------+--------+--------+--------+-----+--------+

Top non-repeatable levels by time:
       D: 8125 daAuts
